 Dungeon Sprint DCSS version 0.17-a0-2093-gc772f4b (webtiles) character file.

22 Kidiri the Firebug (level 2, -11/18 HPs)
             Began as a High Elf Fire Elementalist on Oct 16, 2015.
             Was a Believer of Vehumet.
             Mangled by a gnoll
             ... wielding a +0 flail
              (16 damage)
             ... in the Dungeon (Sprint VII: "The Pits").
             The game lasted 00:02:16 (368 turns).

Kidiri the Firebug (High Elf Fire Elementalist)      Turns: 368, Time: 00:02:16

Health: -11/18     AC:  2    Str:  7    XL:     2   Next: 68%
Magic:  0/7        EV: 13    Int: 18    God:    Vehumet [**....]
Gold:   0          SH:  0    Dex: 15    Spells: 2 memorised, 5 levels left

rFire  . . .     SeeInvis .     q - +2 quarterstaff
rCold  . . .     Clarity  .     a - +0 robe
rNeg   . . .     SustAt   .     (no shield)
rPois  .         Gourm    .     (no helmet)
rElec  .         Spirit   .     (no cloak)
rCorr  .         Warding  .     (no gloves)
rMut   .         NoTele   +     (no boots)
MR     .....                    (no amulet)
Stlth  ++........               (no ring)
                                (no ring)

@: hasted, very quick, not resistant to hostile enchantments, unstealthy
A: no striking features
a: Renounce Religion


You were in the Dungeon.
You worshipped Vehumet.
Vehumet was pleased with you.
You were not hungry.

You visited 1 branch

Inventory:

Hand Weapons
 q - a +2 quarterstaff (weapon)
Armour
 a - a +0 robe (worn)
Magical Staves
 p - an uncursed staff of energy
Scrolls
 i - a scroll of blinking
 m - 3 scrolls of remove curse
 n - 5 scrolls of amnesia
 o - a scroll of summoning
Potions
 g - 4 potions of magic
 h - 3 potions of berserk rage
 l - 2 potions of invisibility
Books
 b - a book of Flames

   Spells                             Type                      Level
   a - Flame Tongue                   Conjuration/Fire             1
   b - Throw Flame                    Conjuration/Fire             2
   c - Conjure Flame                  Conjuration/Fire             3
   d - Inner Flame                    Hexes/Fire                   3
   e - Sticky Flame                   Conjuration/Fire             4
   f - Fireball                       Conjuration/Fire             5
Comestibles
 c - 8 bread rations
 j - 40 fruits
 k - 7 meat rations
 r - a chunk of flesh


   Skills:
 + Level 1.2 Fighting
 + Level 1.3 Staves
 + Level 1.0 Armour
 * Level 3.5 Dodging
 - Level 2.1 Stealth
 * Level 3.6 Spellcasting
 + Level 2.1 Conjurations
 * Level 3.8 Fire Magic


You had 5 spell levels left.
You knew the following spells:

 Your Spells              Type           Power        Failure   Level  Hunger
a - Flame Tongue          Conj/Fire      ##...        6%          1    None
b - Throw Flame           Conj/Fire      ##....       10%         2    ##.....


Dungeon Overview and Level Annotations

Branches:
Dungeon (1/1)

Altars:
Ashenzari
Cheibriados
Dithmenos
Elyvilon
Fedhas
Gozag
Kikubaaqudgha
Makhleb
Nemelex Xobeh
Okawaru
Qazlal
Ru
Sif Muna
Trog
Vehumet
Xom
Yredelemnul
Zin
The Shining One
Beogh
Jiyva
Lugonu


Message History

You kill the river rat!
Vehumet accepts your kill. Vehumet offers you knowledge of Freeze.
You feel your power returning.
Your Armour skill increases to level 1!
Casting: Throw Flame
Confirm with . or Enter, or press ? or * to list all spells.
Aiming: Throw Flame
Press: ? - help, Shift-Dir - straight line, f/p - rat
Aim: a rat The puff of flame hits the gnoll.
The gnoll is moderately wounded.
The gnoll barely misses you.
Drink which item? (? for menu, Esc to quit)
You feel better. The gnoll hits you with a flail!
Ouch! That really hurt!
* * * LOW HITPOINT WARNING * * *
Drink which item? (? for menu, Esc to quit)
You feel yourself speed up. The gnoll hits you with a flail!
Ouch! That really hurt!
You die...

############ #__________#
#__________#
#.#####+##############++###
#_#.))+.+..##..............
#_#)))#.#?(##......#..#....
#######+#####..............
#......Srg@.'..............
#+#####'#####......#..#....
#..#..#..##..............
#(.'..+..#####+#####++###
##'####+###.......# #...
#.......# #.... #.......#
#####+ #...<...# #.......#


You could see a gnoll, an adder and a rat.

Vanquished Creatures
  2 river rats (D)
  A bat (D)
  A kobold (D)
  A ball python zombie (D)
  A giant gecko zombie (D)
  A rat (D)
7 creatures vanquished.

Notes
Turn   | Place    | Note
--------------------------------------------------------------
     0 | D        | Kidiri the High Elf Fire Elementalist began the quest for the Orb.
     0 | D        | Reached XP level 1. HP: 11/11 MP: 4/4
   107 | D        | Found a sacrificial altar of Ru.
   107 | D        | Found a basalt altar of Yredelemnul.
   107 | D        | Found a shadowy altar of Dithmenos.
   107 | D        | Found a deep blue altar of Sif Muna.
   107 | D        | Found a burning altar of Makhleb.
   107 | D        | Found a shimmering altar of Xom.
   107 | D        | Found an ancient bone altar of Kikubaaqudgha.
   107 | D        | Found a sparkling altar of Nemelex Xobeh.
   108 | D        | Found a glowing golden altar of the Shining One.
   108 | D        | Found a bloodstained altar of Trog.
   108 | D        | Found a shattered altar of Ashenzari.
   108 | D        | Found a white marble altar of Elyvilon.
   108 | D        | Found a snail-covered altar of Cheibriados.
   108 | D        | Found a blossoming altar of Fedhas.
   108 | D        | Found a radiant altar of Vehumet.
   108 | D        | Found a glowing silver altar of Zin.
   108 | D        | Found a corrupted altar of Lugonu.
   108 | D        | Found a viscous altar of Jiyva.
   108 | D        | Found a roughly hewn altar of Beogh.
   108 | D        | Found an iron altar of Okawaru.
   114 | D        | Found a stormy altar of Qazlal.
   114 | D        | Found an opulent altar of Gozag.
   116 | D        | Became a worshipper of Vehumet
   201 | D        | Reached * piety under Vehumet
   201 | D        | Offered knowledge of Sting by Vehumet.
   201 | D        | Reached skill level 1 in Fighting
   201 | D        | Reached skill level 1 in Staves
   201 | D        | Reached XP level 2. HP: 12/18 MP: 1/7
   205 | D        | Learned a level 2 spell: Throw Flame
   365 | D        | Reached ** piety under Vehumet
   365 | D        | Offered knowledge of Freeze by Vehumet.
   365 | D        | Reached skill level 1 in Armour
   368 | D        | Mangled by a gnoll

Vault maps used:
D:        pitsprint

Action                   || total
-------------------------++-------
Melee: Quarterstaff      ||     7
 Cast: Flame Tongue      ||    14
       Throw Flame       ||     4
  Use: Potion            ||     3
 Stab: Sleeping          ||     2
